 Dungeon Crawl Stone Soup version 0.17.1-3-g152610e (webtiles) character file.

2440 Gargoyl the Chopper (level 9, -1/71 HPs)
             Began as a Demonspawn Abyssal Knight on Feb 24, 2016.
             Was an Elder of Lugonu.
             Slain by gjeerbe's ghost (7 damage)
             ... on level 7 of the Dungeon.
             The game lasted 00:13:04 (5954 turns).

Gargoyl the Chopper (Demonspawn Abyssal Knight)     Turns: 5954, Time: 00:13:04

Health: -1/71      AC: 16    Str: 21    XL:     9   Next: 25%
Magic:  12/12      EV: 13    Int: 13    God:    Lugonu [****..]
Gold:   503        SH:  0    Dex: 18    Spells: 0 memorised, 8 levels left

rFire  + . .     SeeInvis .     h - +0 war axe
rCold  . . .     Clarity  .     k - +0 plate armour
rNeg   . . .     SustAt   .     (no shield)
rPois  .         Gourm    +     (no helmet)
rElec  .         Spirit   .     q - +0 cloak
rCorr  .         Warding  .     p - +0 pair of gloves
rMut   .         Stasis   .     a - +0 pair of boots
MR     .....                    x - amulet of the gourmand
Stlth  ..........               (no ring)
                                u - ring of protection from fire

@: mighty, agile, not resistant to hostile enchantments, extremely unstealthy
A: claws 1, talons 1, powered by pain 2, spiny 1
a: Depart the Abyss, Bend Space, Banish, Corrupt, Renounce Religion


You were on level 7 of the Dungeon.
You worshipped Lugonu.
Lugonu was greatly pleased with you.
You were hungry.

You visited 1 branch of the dungeon, and saw 7 of its levels.
You visited the Abyss 1 time.
You also visited: Ossuary.

You collected 503 gold pieces.

Inventory:

Hand Weapons
 h - a +0 war axe (weapon)
 o - a +0 flail
Missiles
 l - 7 tomahawks (quivered)
Armour
 a - a +0 pair of boots (worn)
 k - a +0 plate armour (worn)
 p - a +0 pair of gloves (worn)
 q - a +0 cloak (worn)
Jewellery
 u - a ring of protection from fire (left hand)
 x - an amulet of the gourmand (around neck)
Wands
 c - a wand of disintegration (14)
 v - a wand of random effects (27)
Scrolls
 b - a scroll of remove curse {unknown}
 e - a scroll of recharging {unknown}
 g - 4 scrolls of fog
 j - a scroll of amnesia
 m - 6 scrolls of identify
 n - 3 scrolls of fear
 r - a scroll of magic mapping {unknown}
 s - 2 scrolls of blinking
Potions
 i - a potion of brilliance
Comestibles
 f - 4 meat rations


   Skills:
 + Level 6.8 Fighting
 + Level 6.9 Axes
 + Level 6.4 Armour
 + Level 2.5 Dodging
 + Level 2.0 Stealth
 + Level 4.0 Invocations


You had 8 spell levels left.
You didn't know any spells.

Dungeon Overview and Level Annotations

Branches:
Dungeon (7/15)             Temple (0/1) D:4

Altars:
Dithmenos
Kikubaaqudgha
Ru
Sif Muna
Trog
Xom
Zin
The Shining One

Annotations:
D:6 riffraff's ghost, novice TrMo
D:7 gjeerbe's ghost, novice MiFi


Innate Abilities, Weirdness & Mutations

You have sharp fingernails.
You have sharp toenails.
You sometimes gain power by taking damage.
You are partially covered in sharp spines.


Message History

Gjeerbe's ghost is severely damaged.
Gjeerbe's ghost is struck by your spines.
Gjeerbe's ghost hits you.
* * * LOW HITPOINT WARNING * * *
Drink which item? (? for menu, Esc to quit)
You feel agile all of a sudden.
Gjeerbe's ghost hits you but does no damage.
You hit gjeerbe's ghost but do no damage.
Gjeerbe's ghost is severely damaged.
Gjeerbe's ghost hits you.
* * * LOW HITPOINT WARNING * * *
Unknown command.
Drink which item? (? for menu, Esc to quit)
You feel very mighty all of a sudden. Gjeerbe's ghost completely misses you.
You hit gjeerbe's ghost.
Gjeerbe's ghost is severely damaged.
Gjeerbe's ghost is struck by your spines.
Gjeerbe's ghost hits you!
You die...

######### #........
#........ ######........
#.<@W†..>..... #
##############.####........
# ...............#
######### #
################### ######
##...##########.....
##...........)......#
#.......########.#### ###
#.......# #.# # ..#
##.....## ##.#


You could see gjeerbe's ghost.

Vanquished Creatures
  Sigmund (D:6)
  Menkaure (D:6)
  Duvessa (D:6)
  A black bear (D:7)
  2 ogres
  2 centaurs
  4 elf zombies
  Dowan (D:6)
  3 elf skeletons (D:4)
  A wyvern skeleton (D:6)
  3 giant frog zombies
  A crimson imp (D:5)
  A jelly (D:7)
  Crazy Yiuf (D:2)
  3 human zombies
  Ijyb (D:2)
  A giant frog skeleton (D:5)
  5 hounds
  6 orc wizards
  A human skeleton (D:4)
  Jessica (D:3)
  5 worker ants
  2 orc priests (D:7)
  2 mummies (Ossuary)
  A hound skeleton (D:5)
  A worker ant zombie (D:6)
  6 adders
  4 gnolls (D:2)
  A shadow imp (D:7)
  An adder skeleton (D:7)
  A worm (D:4)
  2 giant geckos
  28 orcs
  A ball python (D:1)
  7 goblins
  3 hobgoblins
  A quokka (D:2)
  5 bats
  4 giant cockroaches
  2 giant cockroach zombies
  7 giant newts
  A gnoll zombie (Ossuary)
  5 goblin zombies (Ossuary)
  2 hobgoblin zombies (Ossuary)
  A jackal zombie (D:5)
  5 kobolds
  2 orc skeletons (D:4)
  4 orc zombies
  A quokka skeleton (D:5)
  5 rats
  A fungus (D:2)
152 creatures vanquished.

Vanquished Creatures (others)
  5 toadstools (D:1)
5 creatures vanquished.

Grand Total: 157 creatures vanquished

Notes
Turn   | Place    | Note
--------------------------------------------------------------
     0 | Abyss:1  | Gargoyl the Demonspawn Abyssal Knight began the quest for the Orb.
     0 | Abyss:1  | Reached XP level 1. HP: 18/18 MP: 2/2
    17 | Abyss:1  | Found a corrupted altar of Lugonu.
    94 | Abyss:1  | Noticed an iron imp
   121 | Abyss:1  | Found a viscous altar of Jiyva.
   140 | Abyss:1  | Noticed a large abomination
   184 | Abyss:2  | Noticed an insubstantial wisp
   189 | Abyss:2  | Noticed a chaos spawn
   189 | Abyss:2  | Noticed an insubstantial wisp
   190 | Abyss:2  | Noticed an insubstantial wisp
   190 | D:1      | Escaped the Abyss
   334 | D:1      | Reached skill level 1 in Dodging
   343 | D:1      | Reached * piety under Lugonu
   519 | D:1      | Gained mutation: You are partially covered in sharp spines. [demonic ancestry]
   519 | D:1      | Reached XP level 2. HP: 24/24 MP: 4/4
  1264 | D:2      | Gained mutation: You sometimes gain a little power by taking damage. [demonic ancestry]
  1264 | D:2      | Reached XP level 3. HP: 16/29 MP: 5/5
  1267 | D:2      | Reached skill level 1 in Stealth
  1365 | D:2      | Gained mutation: You have sharp fingernails. [demonic ancestry]
  1365 | D:2      | Reached XP level 4. HP: 25/35 MP: 6/6
  1565 | D:2      | Noticed Ijyb
  1582 | D:2      | Killed Ijyb
  1829 | D:2      | Noticed Crazy Yiuf
  1835 | D:2      | Paralysed by Crazy Yiuf for 4 turns
  1836 | D:2      | Killed Crazy Yiuf
  1836 | D:2      | Reached skill level 4 in Fighting
  1836 | D:2      | Gained mutation: You sometimes gain power by taking damage. [demonic ancestry]
  1836 | D:2      | Reached XP level 5. HP: 20/42 MP: 7/7
  2047 | D:3      | Reached ** piety under Lugonu
  2215 | D:3      | Found an ancient bone altar of Kikubaaqudgha.
  2215 | D:3      | Found a bloodstained altar of Trog.
  2215 | D:3      | Found a glowing silver altar of Zin.
  2216 | D:3      | Noticed Jessica
  2217 | D:3      | Found a glowing golden altar of the Shining One.
  2218 | D:3      | Found a shimmering altar of Xom.
  2218 | D:3      | Found a sacrificial altar of Ru.
  2218 | D:3      | Found a shadowy altar of Dithmenos.
  2222 | D:3      | Killed Jessica
  2685 | D:4      | Found a staircase to the Ecumenical Temple.
  2981 | D:4      | Found a deep blue altar of Sif Muna.
  3033 | D:4      | Reached XP level 6. HP: 48/48 MP: 8/8
  3070 | D:4      | Found a sand-covered staircase.
  3085 | Ossuary  | Entered an ossuary
  3297 | Ossuary  | Reached XP level 7. HP: 24/55 MP: 9/9
  3343 | Ossuary  | Reached *** piety under Lugonu
  3722 | D:5      | Entered Level 5 of the Dungeon
  3855 | D:5      | Reached skill level 5 in Fighting
  3865 | D:5      | Reached XP level 8. HP: 31/62 MP: 10/10
  4178 | D:5      | Reached skill level 5 in Axes
  4260 | D:5      | Reached skill level 5 in Armour
  4747 | D:6      | Noticed Menkaure
  4758 | D:6      | Killed Menkaure
  4758 | D:6      | Reached skill level 6 in Axes
  5004 | D:6      | Noticed Sigmund
  5018 | D:6      | Killed Sigmund
  5042 | D:6      | Reached **** piety under Lugonu
  5098 | D:6      | Noticed Duvessa
  5100 | D:6      | Noticed Dowan
  5107 | D:6      | Killed Duvessa
  5112 | D:6      | Killed Dowan
  5180 | D:6      | Noticed riffraff's ghost (novice TrMo)
  5211 | D:7      | Gained mutation: You have sharp toenails. [demonic ancestry]
  5211 | D:7      | Reached XP level 9. HP: 13/71 MP: 4/11
  5910 | D:7      | Noticed gjeerbe's ghost (novice MiFi)
  5954 | D:7      | Slain by gjeerbe's ghost

Action                   |  1- 3 |  4- 6 |  7- 9 || total
-------------------------+-------+-------+-------++-------
Melee: Hand axe          |    39 |    58 |       ||    97
       War axe           |       |    48 |   235 ||   283
Invok: Depart the Abyss  |     1 |       |       ||     1
       Banish            |       |       |     2 ||     2
  Use: Scroll            |       |    10 |       ||    10
       Potion            |       |       |    10 ||    10
 Stab: Sleeping          |     1 |       |       ||     1
  Eat: Chunk             |     1 |       |     1 ||     2
       Bread ration      |       |     2 |     1 ||     3
       Beef jerky        |       |       |     1 ||     1
